 Dungeon Crawl Stone Soup version 0.22-a0-515-g75794bf (webtiles) character file.

152 inc the Shield-Bearer (level 5, 0/41 HPs)
             Began as a Formicid Fighter on June 19, 2018.
             Slain by a gnoll
             ... wielding a +0 flail
              (3 damage)
             ... on level 2 of the Dungeon.
             The game lasted 00:01:43 (1393 turns).

inc the Shield-Bearer (Formicid Fighter)            Turns: 1393, Time: 00:01:44

Health: 0/41       AC:  6    Str: 21    XL:     5   Next: 60%
Magic:  5/5        EV:  8    Int:  8    God:
Gold:   39         SH: 10    Dex: 10    Spells: 4/4 levels left

rFire    . . .     SeeInvis +   a - +0 quarterstaff
rCold    . . .     Gourm    .   c - +0 shield
rNeg     . . .     Faith    .   b - +0 scale mail
rPois    .         Spirit   .   (helmet unavailable)
rElec    .         Reflect  .   (no cloak)
rCorr    .         Harm     .   (no gloves)
MR       .....                  (no boots)
Stlth    ..........             (no amulet)
HPRegen  0.13/turn              (no ring)
MPRegen  0.09/turn              (no ring)

@: glowing
A: permanent stasis, dig shafts and tunnels, four strong arms, antennae 3
a: Dig, Shaft Self


You were on level 2 of the Dungeon.
You were not hungry.

You visited 1 branch of the dungeon, and saw 2 of its levels.

You collected 39 gold pieces.

Inventory:

Hand Weapons
 a - a +0 quarterstaff (weapon)
Armour
 b - a +0 scale mail (worn)
 c - a +0 shield (worn)
Scrolls
 g - a scroll of immolation {unknown}
 h - 2 scrolls of identify {unknown}
 i - a scroll of teleportation {unknown}
 j - a scroll of magic mapping {unknown}
 l - a scroll of remove curse {unknown}
Potions
 d - 2 potions of might
 e - 3 potions of curing {unknown}
 k - a potion of heal wounds {unknown}
 m - 3 potions of lignification {unknown}
Comestibles
 f - 3 rations


   Skills:
 - Level 3.2 Fighting
 + Level 4.0 Staves
 - Level 3.2 Armour
 + Level 5.6 Shields


You had 4 spell levels left.
You didn't know any spells.
Your spell library was empty.

Dungeon Overview and Level Annotations

Branches:
Dungeon (2/15)

Altars:


Innate Abilities, Weirdness & Mutations

You cannot be hasted, slowed, berserked, paralysed or teleported.
You can dig through walls and to a lower floor.
Your four strong arms can wield two-handed weapons with a shield.
You have a pair of large antennae on your head. (SInv)


Message History

You hit the gnoll.
The gnoll is heavily wounded.
The gnoll hits you with a flail.
* * * LOW HITPOINT WARNING * * *
You sock the gnoll!
You kill the gnoll!
Your Staves skill increases to level 4!
Your shield prevents you from hitting the gnoll.
You block the gnoll's attack.
You hit the gnoll.
The gnoll is heavily wounded.
The gnoll hits you with a flail!
* * * LOW HITPOINT WARNING * * *
You hit the gnoll but do no damage.
The gnoll is heavily wounded.
The gnoll barely misses you.
You closely miss the gnoll.
The gnoll is heavily wounded.
The gnoll hits you with a flail.
You die...

#.# #....#
##.####....#
#..........#
#....>..####
#.......# .
#.......# ...
#.......#
.....#######.......#
.......g@.....######
.....########## ...
.


You could see a gnoll.

Vanquished Creatures
  A gnoll shaman (D:2)
  Robin (D:2)
  3 gnolls (D:2)
  2 adders (D:2)
  An ooze (D:2)
  A worm (D:2)
  A dart slug (D:1)
  A leopard gecko (D:2)
  A giant cockroach (D:1)
  20 goblins
  9 hobgoblins
  3 kobolds (D:1)
  2 bats
  2 frilled lizards (D:1)
  4 rats
52 creatures vanquished.

Notes
Turn   | Place    | Note
-------+----------+-------------------------------------------
     0 | D:1      | inc the Formicid Fighter began the quest for the Orb.
     0 | D:1      | Reached XP level 1. HP: 18/18 MP: 1/1
    51 | D:1      | Reached XP level 2. HP: 21/24 MP: 2/2
    75 | D:1      | Reached skill level 4 in Shields
   530 | D:1      | Reached XP level 3. HP: 28/29 MP: 3/3
   737 | D:2      | Noticed Robin
   778 | D:2      | Killed Robin
   782 | D:2      | Reached XP level 4. HP: 32/35 MP: 4/4
  1005 | D:2      | Reached skill level 5 in Shields
  1360 | D:2      | Reached XP level 5. HP: 39/41 MP: 5/5
  1391 | D:2      | HP: 2/41 [gnoll/flail (7)]
  1393 | D:2      | Slain by a gnoll

Vault maps used:
D:1:      dpeg_arrival_houses_and_road, st_stairs_7
D:2:      serial_corexii_hall, corexii_hall_statues_i, corexii_hall_statues_u,
          uniq_robin

Skill      XL: |  1  2  3  4  5 |
---------------+----------------+-----
Shields        | 4 5 |  5.6
Staves         | 3 4 |  4.0
Fighting       | |  3.2
Armour         | |  3.2

Action                   |  1- 3 |  4- 6 || total
-------------------------+-------+-------++-------
Melee: Quarterstaff      |    93 |    82 ||   175
  Eat: Chunk             |       |     2 ||     2
Armor: Scale mail        |    33 |    17 ||    50
Dodge: Dodged            |    26 |    19 ||    45
Block: Shield            |    34 |    18 ||    52

Table legend:
 A = Spawn XP
 B = Non-spawn XP
 C = Spawn XP percentage of total XP
 D = Spawn monster count
 E = Non-spawn monster count
 F = Spawn count percentage of total count
 G = Total turns spent on level
                    A         B        C        D         E        F      G
               +---------+---------+-------+---------+---------+-------+---------
         Total |       0 |     218 |   0.0 |       0 |      52 |   0.0 |  1393
               +---------+---------+-------+---------+---------+-------+---------
           D:1 |       0 |      35 |   0.0 |       0 |      20 |   0.0 |   728
           D:2 |       0 |     183 |   0.0 |       0 |      32 |   0.0 |   665
               +---------+---------+-------+---------+---------+-------+---------
